Map: Scalo orbitale (Bilanciamento 3.0.5 v1.0)

Players

Jhyrachy - Winner!

  • Race: Zerg Zerg
  • League: Silver

LaWeedaLoca

  • Race: Terran Terran
  • League: Master

VOD

Have the link to the VOD?

Description

Time

  • Played on: Dec. 7, 2015, 3:20 p.m.
  • Length: 11:15
Show
View Real Time Build Order
Export as new Build Order

Jhyrachy Zerg - Winner!

Build Orders: Hatch First 

Get SALT Encoding   

  12  0:02  Drone  
  13  0:12  Overlord  
  13  0:17  Drone  
  14  0:31  Drone x2  
  16  0:37  Drone  
  17  0:55  Hatchery  
  16  0:58  Drone  
  16  1:02  Extractor, Drone  
  17  1:19  Spawning Pool  
  16  1:28  Drone  
  16  1:29  Drone  
  16  1:31  Overlord  
  18  2:02  Overlord  
  18  2:05  Drone  
  18  2:07  Queen  
  21  2:19  Zergling x2  
  21  2:20  Hatchery  
  21  2:44  Baneling Nest  
  21  2:47  Queen  
  21  2:49  Zergling x8  
  26  3:07  Lair  
  26  3:31  Metabolic Boost  
  26  3:40  Extractor  
  25  3:45  Queen  
  27  4:01  Baneling  
  27  4:02  Baneling x3  
  27  4:18  Centrifical Hooks  
  27  4:25  Zergling x18  
  36  4:35  Spine Crawler  
  26  5:04  Zergling x6  
  26  5:05  Zergling x2  
  22  5:33  Drone x2  
  22  5:34  Drone x2  
  25  5:51  Drone x2  
  27  6:23  Spore Crawler  
  26  6:26  Drone x4  
  26  6:32  Spore Crawler  
  29  6:42  Spore Crawler  
  28  6:48  Drone  
  28  6:49  Drone x2  
  31  6:57  Spore Crawler  
  31  7:00  Drone x3  
  21  8:06  Drone x5  
  21  8:07  Drone x2  
  28  8:25  Spire  
  27  8:38  Roach Warren  
  27  8:40  Drone x3  
  30  8:42  Drone  
  30  8:43  Drone x3  
  30  8:44  Overlord  
  30  8:45  Overlord  
  34  9:03  Extractor  
  34  9:05  Drone x3  
  34  9:07  Drone x2  
  34  9:08  Drone x3  
  34  9:09  Drone  
  42  9:10  Overlord x2  
  42  9:24  Roach x5  
  47  9:43  Roach x5  
  47  9:55  Ravager  
  47  9:56  Ravager x4  
  39  10:10  Roach  
  39  10:11  Roach x7  
Show
View Real Time Build Order
Export as new Build Order

LaWeedaLoca Terran 

Build Orders: Command Center First (CC), Mech 

Get SALT Encoding   

  12  0:01  SCV  
  13  0:13  SCV  
  14  0:18  Supply Depot  
  14  0:25  SCV  
  15  0:39  SCV  
  16  0:53  SCV  
  17  1:00  Command Center  
  17  1:05  SCV  
  18  1:16  Barracks  
  18  1:17  SCV  
  19  1:23  Refinery  
  19  1:29  SCV  
  20  1:38  Refinery  
  20  1:41  SCV  
  21  1:53  SCV  
  22  2:04  Marine  
  22  2:06  Orbital Command  
  23  2:13  Orbital Command  
  23  2:22  Supply Depot  
  23  2:31  Barracks Reactor  
  23  2:32  SCV  
  23  2:33  Factory  
  24  2:39  SCV  
  26  2:44  SCV  
  26  2:51  SCV  
  26  2:56  SCV  
  28  3:07  SCV  
  28  3:10  Command Center, SCV  
  30  3:19  SCV  
  31  3:22  SCV  
  31  3:24  Barracks Reactor  
  31  3:26  Starport, Hellion  
  34  3:28  Hellion  
  34  3:31  SCV  
  37  3:34  SCV  
  38  3:43  SCV  
  38  3:46  SCV  
  40  3:49  Hellion x2  
  44  3:55  SCV  
  44  3:57  Refinery x2  
  44  3:59  SCV  
  46  4:05  Liberator x2  
  46  4:10  Barracks Tech Lab  
  46  4:12  Supply Depot x2  
  46  4:22  Orbital Command, SCV, Hellion x2  
  57  4:24  SCV  
  58  4:34  SCV  
  58  4:35  Barracks Tech Lab  
  58  4:36  Supply Depot  
  58  4:37  Supply Depot  
  59  4:40  SCV  
  60  4:46  SCV  
  60  4:52  SCV  
  62  4:55  Liberator x2  
  62  4:58  Hellion x2  
  62  5:11  SCV x3  
  53  5:36  SCV x2  
  53  5:37  SCV  
  56  5:43  Supply Depot  
  56  5:45  Liberator  
  56  5:46  Liberator  
  56  5:48  SCV x2, Factory  
  56  5:49  Hellion x2  
  62  5:53  SCV, Factory  
  63  5:59  Supply Depot  
  63  6:00  SCV x2  
  71  6:05  SCV  
  71  6:08  Orbital Command, Armory  
  72  6:17  Hellion x2  
  76  6:21  SCV x2  
  78  6:26  Supply Depot  
  81  6:32  Siege Tank  
  81  6:34  Liberator  
  81  6:35  SCV x2  
  81  6:36  SCV  
  81  6:37  Siege Tank  
  87  6:43  Hellion x2  
  87  6:45  Mag-Field Accelerator  
  87  6:46  Refinery x2, Infernal Pre-Igniter  
  91  6:47  SCV  
  91  6:48  SCV x2  
  97  6:59  SCV  
  97  7:00  SCV x2  
  97  7:01  Engineering Bay  
  100  7:04  Terran Vehicle And Ship Armor Level 1, Hellion x2  
  100  7:05  Supply Depot  
  104  7:25  Liberator  
  104  7:39  Cyclone  
  104  7:40  Cyclone  
  104  7:41  Hellion x2  
  117  7:51  Missile Turret  
  117  7:54  Command Center  
  117  8:00  SCV x2  
  117  8:01  SCV  
  117  8:02  Hellion x2  
  125  8:12  SCV  
  125  8:14  Starport  
  125  8:20  Supply Depot  
  125  8:24  Liberator x2  
  125  8:29  Supply Depot  
  125  8:30  Supply Depot  
  125  8:41  SCV x2  
  125  8:48  Supply Depot  
  133  8:51  Cyclone x2, Hellion  
  141  8:57  Supply Depot  
  141  8:58  Supply Depot  
  141  8:59  Armory  
  141  9:00  Supply Depot, Starport Tech Lab  
  141  9:07  Factory x2  
  141  9:15  Command Center  
  141  9:17  Command Center  
  141  9:26  Liberator x2  
  141  9:27  Cyclone x2, Liberator  
  156  9:58  Factory Tech Lab  
  156  9:59  Cyclone, Factory Tech Lab  
Tags
 
Add a new tag
Caveats
  • Supply blocks, unpowered buildings, or Contaminate may cause inaccurate times.
  • Supply counts are checked every 10 seconds.